 Dungeon Crawl Stone Soup version 0.23.2-1-ga50397a (webtiles) character file.

Game seed: 16194882244919294210

2487 MalarOregon the Digger (level 9, -1/74 HPs)
             Began as a Ghoul Earth Elementalist on June 2, 2019.
             Was a Follower of Makhleb.
             Slain by a freezing wraith (3 damage)
             ... on level 5 of the Dungeon.
             The game lasted 00:28:59 (13021 turns).

MalarOregon the Digger (Ghoul Earth Elementalist)  Turns: 13021, Time: 00:29:00

Health: -1/74      AC:  2    Str: 17    XL:     9   Next: 52%
Magic:  0/11       EV: 12    Int: 17    God:    Makhleb [*.....]
Gold:   482        SH:  0    Dex: 14    Spells: 2/12 levels left

rFire    . . .     SeeInvis .     - Unarmed
rCold    + . .     Gourm    .   (no shield)
rNeg     + + +     Faith    .   c - +0 robe
rPois    ∞         Spirit   .   (no helmet)
rElec    .         Reflect  .   g - scarf {cloud immunity}
rCorr    .         Harm     .   (no gloves)
MR       .....                  (no boots)
Stlth    +++.......             (no amulet)
HPRegen  0.00/turn              i - +4 ring of intelligence
MPRegen  0.12/turn              j - +5 ring of dexterity

@: mighty, about to teleport, very slightly contaminated, rotting, slowed, very
slow
A: rotting body, claws 1, carnivore, cold resistance 1, negative energy
resistance 3, inhibited regeneration, torment resistance, unbreathing
a: Renounce Religion


You were on level 5 of the Dungeon.
You worshipped Makhleb.
Makhleb was aware of your devotion.
You were not hungry.

You visited 2 branches of the dungeon, and saw 8 of its levels.

You collected 482 gold pieces.

Inventory:

Missiles
 b - 11 stones (quivered)
 s - a throwing net {!f}
Armour
 c - a +0 robe (worn)
 g - a scarf of cloud immunity (worn)
   (You found it on level 5 of the Dungeon)
Jewellery
 i - a +4 ring of intelligence (left claw)
   (You found it on level 3 of the Dungeon)
 j - a +5 ring of dexterity (right claw)
   (You took it off an orc on level 6 of the Dungeon)
 n - an uncursed amulet of harm {unknown}
   (You found it on level 7 of the Dungeon)
Wands
 d - a wand of iceblast (5)
   (You found it on level 2 of the Dungeon)
 m - a wand of polymorph (9)
   (You found it on level 4 of the Dungeon)
Scrolls
 h - a scroll of fear
 l - 3 scrolls of teleportation {@r4}
Potions
 f - 2 potions of brilliance
 k - a potion of ambrosia
 o - 2 potions of heal wounds {unknown}
 p - a potion of curing {@q1}
 q - a potion of resistance
 r - a potion of magic
 t - a potion of flight {unknown}
Comestibles
 e - 8 rations {!d}


   Skills:
 + Level 5.6 Fighting
 - Level 2.0 Dodging
 + Level 6.6 Stealth
 + Level 5.7 Unarmed Combat
 - Level 2.0 Spellcasting
 - Level 2.0 Conjurations
 - Level 3.0 Transmutations
 + Level 6.7 Earth Magic
 + Level 4.9 Invocations


You had 2 spell levels left.
You knew the following spells:

 Your Spells              Type           Power        Failure   Level  Hunger
a - Sandblast             Erth           ###...       1%          1    #......
b - Petrify               Tmut/Erth      ###.....     26%         4    #####..
q - Passwall              Tmut/Erth      ###.....     4%          2    ###....
x - Stone Arrow           Conj/Erth      ###...       10%         3    ###....

Your spell library contained the following spells:

 Spells                   Type           Power        Failure   Level  Hunger
 Lee's Rapid Deconstruct  Erth           ###.......   32%         5    ######.


Dungeon Overview and Level Annotations

Branches:
Dungeon (7/15)             Temple (1/1) D:5

Altars:
Ashenzari
Cheibriados
Dithmenos
Elyvilon
Fedhas
Gozag
Hepliaklqana
Kikubaaqudgha
Makhleb
Nemelex Xobeh
Okawaru
Qazlal
Sif Muna
Trog
Uskayaw
Vehumet
Wu Jian
Xom
Yredelemnul
Zin
The Shining One

Shops:
D:6 =

Annotations:
D:5 exclusion: freezing wraith
D:7 Joseph


Innate Abilities, Weirdness & Mutations

Your body is rotting away.
You thrive on raw meat.
You are immune to poison.
You have sharp fingernails.
You are carnivorous and can eat meat at any time.
Your flesh is cold resistant. (rC+)
You are immune to negative energy. (rN+++)
You do not regenerate when monsters are visible.
You are immune to unholy pain and torment.
You can survive without breathing.


Message History

Things that are here:
a +0 giant spiked club; an ogre skeleton You start resting.
Eating a chunk of flesh.
You eat the chunk of flesh.
You feel more resilient.
This raw flesh tastes great!
You start resting.
Things that are here:
a +0 giant spiked club; an ogre skeleton
Aim: a freezing wraith
Okay, then.
Aim: a freezing wraith
Okay, then.
You can't see any susceptible monsters within range! (Use Z to cast anyway.)
Aim: a freezing wraith You miscast Stone Arrow.
You are very lightly contaminated with residual magic.
Nothing appears to happen.
Aim: a freezing wraith The stone arrow hits the freezing wraith!
Aim: a freezing wraith (moderately damaged)
The stone arrow hits the freezing wraith!
The freezing wraith hits you. The freezing wraith freezes you! You resist.
The freezing wraith misses you.
You don't have enough magic to cast that spell.
You barely miss the freezing wraith. The freezing wraith misses you.
The freezing wraith hits you! The freezing wraith drains your vigour!
You feel yourself slow down.
You completely miss the freezing wraith.
The freezing wraith hits you but does no damage.
The freezing wraith completely misses you.
Aim: a freezing wraith (severely damaged)
The stone arrow hits the freezing wraith.
The freezing wraith closely misses you. The freezing wraith barely misses you.
The freezing wraith hits you! The freezing wraith freezes you. You resist.
The freezing wraith hits you. The freezing wraith drains your vigour!
You feel as though you will be slow longer.
You feel very mighty all of a sudden. The freezing wraith hits you.
* * * LOW HITPOINT WARNING * * *
The freezing wraith freezes you! You resist.
* * * LOW HITPOINT WARNING * * *
The freezing wraith hits you!
* * * LOW HITPOINT WARNING * * *
Okay, then.
As you read the scroll of teleportation {@r4}, it crumbles to dust.
You feel strangely unstable. The freezing wraith hits you.
* * * LOW HITPOINT WARNING * * *
The freezing wraith freezes you! You resist.
* * * LOW HITPOINT WARNING * * *
The freezing wraith closely misses you. The freezing wraith hits you.
You die...

## ######## #.
############......####.
##.≈....≈.##............
##...≈..≈...##...........
#.≈..≈..≈..≈.#####.......
##..≈..≈≈..≈..##..........
#...#####@##...#..........
##..##.8..8W.#..##.........
######.)##.....)..##≈.#....#....
#...##(##..######).##.##...#...#
#...#.(#..##.≈≈.##..#.^######...
#...#.##.##§§O..≈##.##.#....<..#
#...#.#..# §#W/#..#..#.#....####
#...#.#..# .#⌠.#$.#..#.####.#
#...#.##^# ≈....≈.#.##.#..#.#


You could see a freezing wraith.

Vanquished Creatures
  Eustachio (D:6)
  A water moccasin (D:6)
  Duvessa (D:7)
  2 sky beasts
  An orc warrior (D:7)
  5 centaurs
  3 ogres
  A phantom (D:4)
  Dowan (D:7)
  2 scorpions
  4 wights (D:6)
  A crimson imp (D:5)
  A bullfrog zombie (D:6)
  2 hounds
  A jelly (D:7)
  3 orc wizards
  A centaur skeleton (D:7)
  3 orc priests
  A bullfrog skeleton (D:5)
  An iguana (D:4)
  2 worker ants
  A hound zombie (D:7)
  2 hound skeletons (D:5)
  8 gnolls
  12 adders
  An adder skeleton (D:5)
  4 worms
  4 dart slugs
  2 leopard geckos
  22 orcs
  3 bats
  4 bat skeletons (D:6)
  2 bat zombies (D:6)
  2 giant cockroaches
  7 goblins
  8 hobgoblins
  12 jackals
  4 quokkas
  2 ball pythons
  8 frilled lizards
  4 kobolds
  6 rats
156 creatures vanquished.

Vanquished Creatures (others)
  5 dream sheep (D:3)
5 creatures vanquished.

Grand Total: 161 creatures vanquished

Notes
Turn   | Place    | Note
-------+----------+-------------------------------------------
     0 | D:1      | MalarOregon the Ghoul Earth Elementalist began the quest
                  | for the Orb.
     0 | D:1      | Reached XP level 1. HP: 14/14 MP: 2/2
    79 | D:1      | Reached XP level 2. HP: 12/22 MP: 0/3
   463 | D:1      | Reached skill level 1 in Fighting
   463 | D:1      | Reached XP level 3. HP: 27/27 MP: 5/5
   515 | D:1      | Reached skill level 1 in Unarmed Combat
  2508 | D:2      | Reached XP level 4. HP: 29/30 MP: 0/6
  3018 | D:2      | Reached XP level 5. HP: 11/41 MP: 3/7
  3640 | D:3      | Found a shadowy altar of Dithmenos.
  3643 | D:3      | Found an ornate altar of the Wu Jian Council.
  3819 | D:3      | You fall through a shaft for 2 floors!
  3819 | D:5      | Entered Level 5 of the Dungeon
  3852 | D:5      | Noticed a sky beast
  3927 | D:5      | HP: 2/42 [worker ant (1)]
  3942 | D:5      | Found a staircase to the Ecumenical Temple.
  3946 | Temple   | Entered the Ecumenical Temple
  3955 | Temple   | Became a worshipper of Makhleb the Destroyer
  4415 | D:3      | Reached skill level 1 in Invocations
  4415 | D:3      | Reached XP level 6. HP: 15/49 MP: 1/8
  4824 | D:3      | Found an opulent altar of Gozag.
  4856 | D:3      | Noticed a dream sheep
  4856 | D:3      | Noticed a dream sheep
  4856 | D:3      | Noticed a dream sheep
  4856 | D:3      | Noticed a dream sheep
  4856 | D:3      | Noticed a dream sheep
  4856 | D:3      | Found a shimmering altar of Xom.
  4861 | D:3      | Killed a dream sheep
  4861 | D:3      | Killed a dream sheep
  4861 | D:3      | Killed a dream sheep
  4861 | D:3      | Killed a dream sheep
  4861 | D:3      | Killed a dream sheep
  5284 | D:4      | Learned a level 3 spell: Stone Arrow
  5287 | D:4      | Learned a level 2 spell: Passwall
  5292 | D:4      | Noticed a phantom
  5300 | D:4      | Killed a phantom
  5300 | D:4      | Reached skill level 1 in Transmutations
  5566 | D:4      | Found a hazy altar of Hepliaklqana.
  5655 | D:4      | Reached XP level 7. HP: 42/57 MP: 1/9
  5847 | D:4      | Reached skill level 5 in Earth Magic
  6059 | D:4      | Reached * piety under Makhleb
  6197 | D:4      | Reached skill level 1 in Conjurations
  6574 | D:5      | Noticed a freezing wraith
  6732 | D:5      | Reached XP level 8. HP: 28/66 MP: 5/10
  7271 | D:5      | Reached skill level 5 in Stealth
  7609 | D:6      | Found a hide-covered altar of Uskayaw.
  8235 | D:6      | Learned a level 4 spell: Petrify
  8250 | D:6      | Found Jaon's Jewellery Shoppe.
  8353 | D:6      | Found an ancient bone altar of Kikubaaqudgha.
  8658 | D:6      | HP: 2/63 [wight/+5 hand axe (7)]
  9129 | D:6      | Found a glowing golden altar of the Shining One.
  9627 | D:6      | Noticed Eustachio
 10033 | D:6      | Found a hide-covered altar of Uskayaw.
 10095 | D:6      | Found a glowing golden altar of the Shining One.
 10379 | D:6      | Found Jaon's Jewellery Shoppe.
 10488 | D:6      | Found an ancient bone altar of Kikubaaqudgha.
 11498 | D:7      | Reached skill level 5 in Unarmed Combat
 11498 | D:7      | Reached XP level 9. HP: 31/73 MP: 7/11
 11655 | D:7      | Noticed Duvessa
 11655 | D:7      | Noticed Dowan
 11659 | D:7      | Killed Dowan
 11687 | D:7      | Killed Duvessa
 11687 | D:7      | Reached skill level 5 in Fighting
 12050 | D:7      | Reached ** piety under Makhleb
 12234 | D:7      | Noticed Joseph
 12413 | D:7      | Found a radiant altar of Vehumet.
 12414 | D:7      | Found a shattered altar of Ashenzari.
 12735 | D:6      | Killed Eustachio
 13021 | D:5      | HP: 2/74 [freezing wraith (7)]
 13021 | D:5      | Slain by a freezing wraith

Skill      XL: |  1  2  3  4  5  6  7  8  9 |
---------------+----------------------------+-----
Dodging        | 2 |  2.0
Spellcasting   | 2 |  2.0
Fighting       | 1 2 3 4 5 |  5.6
Unarmed Combat | 1 2 3 5 |  5.7
Stealth        | 3 4 5 6 |  6.6
Earth Magic    | 4 5 6 |  6.7
Invocations    | 1 2 4 |  4.9
Transmutations | 1 2 3 |  3.0
Conjurations   | 1 2 |  2.0

Action                   |  1- 3 |  4- 6 |  7- 9 || total
-------------------------+-------+-------+-------++-------
Melee: Unarmed           |    99 |   161 |   330 ||   590
       Punch             |       |     1 |     2 ||     3
 Cast: Sandblast         |    23 |    65 |    86 ||   174
       Stone Arrow       |       |       |    16 ||    16
       Petrify           |       |       |     6 ||     6
  Use: Scroll            |     8 |     3 |    10 ||    21
       Potion            |       |     2 |     1 ||     3
 Stab: Sleeping          |     4 |     8 |     7 ||    19
       Petrified         |       |       |    35 ||    35
  Eat: Chunk             |     8 |    19 |    29 ||    56
       Ration            |       |       |     3 ||     3
Armor: Robe              |    27 |    25 |    51 ||   103
Dodge: Dodged            |    74 |   122 |   215 ||   411
       Deflected         |       |       |     1 ||     1
